 Dungeon Crawl Stone Soup version 0.23-a0-449-g8e4cbf7 (webtiles) character file.

6 Amnesiac the Digger (level 1, -4/13 HPs)
             Began as a Demonspawn Earth Elementalist on Nov 22, 2018.
             Slain by a worker ant (6 damage)
             ... on level 4 of the Dungeon.
             The game lasted 00:01:04 (448 turns).

Amnesiac the Digger (Demonspawn Earth Elementalist)  Turns: 448, Time: 00:01:05

Health: -4/13      AC:  2    Str:  8    XL:     1   Next: 75%
Magic:  0/3        EV: 12    Int: 16    God:
Gold:   13         SH:  0    Dex: 13    Spells: 3/4 levels left

rFire    . . .     SeeInvis .   (no weapon)
rCold    . . .     Gourm    .   (no shield)
rNeg     . . .     Faith    .   c - +0 robe
rPois    .         Spirit   .   (no helmet)
rElec    .         Reflect  .   (no cloak)
rCorr    .         Harm     .   (no gloves)
MR       .....                  (no boots)
Stlth    +++.......             (no amulet)
HPRegen  0.04/turn              (no ring)
MPRegen  0.08/turn              (no ring)

@: no status effects
A: hooves 1, camouflage 1
a: no special abilities


You were on level 4 of the Dungeon.
You were not hungry.

You visited 1 branch of the dungeon, and saw 4 of its levels.

You collected 13 gold pieces.

Inventory:

Missiles
 b - 37 stones (quivered)
Armour
 c - a +0 robe (worn)
Comestibles
 a - 3 chunks of flesh
 d - 2 rations


   Skills:
 - Level 1.7 Dodging
 - Level 1.7 Stealth
 + Level 2.1 Spellcasting
   Level 0.8 Transmutations
 * Level 3.0 Earth Magic


You had 3 spell levels left.
You knew the following spells:

 Your Spells              Type           Power        Failure   Level  Hunger
a - Sandblast             Erth           ##....       6%          1    #......

Your spell library contained the following spells:

 Spells                   Type           Power        Failure   Level  Hunger
 Passwall                 Tmut/Erth      #.......     14%         2    ###....
 Stone Arrow              Conj/Erth      #.....       32%         3    ###....
 Petrify                  Tmut/Erth      #.......     67%         4    #####..
 Lee's Rapid Deconstruct  Erth           ##........   86%         5    ######.


Dungeon Overview and Level Annotations

Branches:
Dungeon (4/15)
 Temple: D:4-7

Altars:


Innate Abilities, Weirdness & Mutations

You have large cloven feet.
Your skin changes colour to match your surroundings (Stealth+).


Message History

The goblin barely misses you.
Found a leather armour.
A frilled lizard comes into view. 2 adders and a hobgoblin come into view.
A frilled lizard comes into view.
The frilled lizard hisses angrily.
Found a stone staircase leading down.
Found a ration.
There is a stone staircase leading down here.
The goblin hits you.
* * * LOW HITPOINT WARNING * * *
You climb downwards.
You hear the sound of rushing water.
There is an entrance to a sewer on this level.
Hurry and find it before the A quokka comes into view.
Found 4 gold pieces.
There is a stone staircase leading up here.
Casting: Sandblast (safe; 6% risk of failure)
Confirm with . or Enter, or press ? or * to list all spells.
Aiming: Sandblast (safe; 6% risk of failure)
Press: ? - help, Shift-Dir - straight line, f - goblin
Aim: a goblin The blast of sand hits the goblin.
You kill the goblin!
Your Earth Magic skill increases to level 3!
b - 39 stones Unknown command.
You enter a teleport trap!
The teleport trap disappears.
Your surroundings suddenly seem different.
A hobgoblin comes into view. It is wielding a +0 club.
The hobgoblin shouts!
A rat comes into view.
Found a bubbling purple potion.
e - a bubbling purple potion {!q}
There are no items here.
Really quaff
e - a bubbling purple potion {!q}?
It was a potion of mutation {!q}.
You feel extremely strange.
Your skin functions as natural camouflage.
Your feet thicken and deform.
Found a stone staircase leading down.
There is a stone staircase leading down here.
You climb downwards.
A worker ant comes into view.
Found 3 scrolls labeled ITORPH RUSO and a robe.
Found a stone staircase leading down.
There is a stone staircase leading up here.
Casting: Sandblast (safe; 6% risk of failure)
Confirm with . or Enter, or press ? or * to list all spells.
Aiming: Sandblast (safe; 6% risk of failure)
Press: ? - help, Shift-Dir - straight line, f - worker ant
Aim: a worker ant The blast of sand hits the worker ant.
b - 38 stones Unknown command.
Casting: Sandblast (safe; 6% risk of failure)
Confirm with . or Enter, or press ? or * to list all spells.
Aiming: Sandblast (safe; 6% risk of failure)
Press: ? - help, Shift-Dir - straight line, f/p - worker ant
Aim: a worker ant The blast of sand misses the worker ant.
b - 37 stones The worker ant bites you.
You die...

.....>.
[....
..?..
... ...
# #.###
#.#...#
#.a@#
###.#
..#
....
#####


You could see a worker ant.

Vanquished Creatures
  A giant cockroach (D:2)
  2 goblins
  3 rats (D:1)
6 creatures vanquished.

Notes
Turn   | Place    | Note
-------+----------+-------------------------------------------
     0 | D:1      | Amnesiac the Demonspawn Earth Elementalist began the quest
                  | for the Orb.
     0 | D:1      | Reached XP level 1. HP: 13/13 MP: 3/3
   429 | D:3      | Reached skill level 3 in Earth Magic
   435 | D:3      | Gained mutation: Your skin changes colour to match your
                  | surroundings (Stealth+). [potion of mutation]
   435 | D:3      | Gained mutation: You have large cloven feet. [potion of
                  | mutation]
   446 | D:4      | Noticed a worker ant
   448 | D:4      | Slain by a worker ant

Vault maps used:
D:1:      dpeg_arrival_oval, minivault_11
D:2:      old_standard_altar
D:3:      portal_sewer_entry_e, hangedman_glass_teeth
D:4:      minmay_temple_entry_mini_moons, uniq_robin

Skill      XL: |  1 |
---------------+----+-----
Earth Magic    | 3 |  3.0
Dodging        | |  1.7
Stealth        | |  1.7
Spellcasting   | |  2.1
Transmutations | |  0.8

Action                   || total
-------------------------++-------
Melee: Unarmed           ||    57
 Cast: Sandblast         ||    13
  Use: Potion            ||     1
Armor: Robe              ||    15
Dodge: Dodged            ||    46

Table legend:
 A = Non-vault XP
 B = Vault XP
 C = Vault XP percentage of total XP
 D = Non-vault monster count
 E = Vault monster count
 F = Vault count percentage of total count
                 A         B        C        D         E       F
            +---------+---------+-------+---------+---------+-------
      Total |       9 |       0 |   0.0 |       6 |       0 |   0.0
            +---------+---------+-------+---------+---------+-------
        D:1 |       5 |       0 |   0.0 |       4 |       0 |   0.0
        D:2 |       2 |       0 |   0.0 |       1 |       0 |   0.0
        D:3 |       2 |       0 |   0.0 |       1 |       0 |   0.0
            +---------+---------+-------+---------+---------+-------
